 Dungeon Crawl Stone Soup version 0.23-a0-167-gf92cf62f8f (webtiles) character file.

130 PikkenKukken the Skirmisher (level 5, -12/28 HPs)
             Began as a Vine Stalker Fighter on Sept 11, 2018.
             Killed by divine providence
             ... invoked by an orc priest
              (15 damage)
             ... on level 3 of the Dungeon.
             The game lasted 00:04:11 (2237 turns).

PikkenKukken the Skirmisher (Vine Stalker Fighter)  Turns: 2237, Time: 00:04:12

Health: -12/28     AC: 14    Str: 19    XL:     5   Next: 14%
Magic:  0/6        EV:  8    Int:  8    God:
Gold:   108        SH:  9    Dex: 14    Spells: 4/4 levels left

rFire    + . .     SeeInvis .   e - +1 short sword (protect)
rCold    . . .     Gourm    .   c - +0 shield
rNeg     . . .     Faith    .   g - +1 ring mail {rF+}
rPois    .         Spirit   +   o - +0 helmet
rElec    .         Reflect  .   (no cloak)
rCorr    .         Harm     .   (no gloves)
MR       .....                  (no boots)
Stlth    +.........             (no amulet)
HPRegen  0.49/turn              p - ring of flight
MPRegen  0.10/turn              (no ring)

@: protection aura
A: fangs 2, regeneration 1, magic shield, antimagic bite, no potion heal 3, rot
immunity
a: Evoke Flight


You were on level 3 of the Dungeon.
You were hungry.

You visited 1 branch of the dungeon, and saw 3 of its levels.

You collected 108 gold pieces.

Inventory:

Hand Weapons
 a - a +0 rapier
 e - a +1 short sword of protection (weapon)
Armour
 b - a +0 scale mail
 c - a +0 shield (worn)
 g - a +1 ring mail of fire resistance (worn)
 o - a +0 helmet (worn)
Jewellery
 p - a ring of flight (left hand)
Scrolls
 h - 6 scrolls of remove curse
 q - a scroll of teleportation
Potions
 d - a potion of might
 i - 4 potions of curing
 j - 2 potions of flight
 k - a potion of resistance
 l - a potion of heal wounds
 n - a potion of mutation
 r - a potion of lignification {unknown}
Comestibles
 f - 6 rations
 m - 2 chunks of flesh


   Skills:
 + Level 3.2 Fighting
 * Level 3.0 Short Blades
 + Level 2.9 Armour
 + Level 1.3 Dodging
 + Level 3.2 Shields


You had 4 spell levels left.
You didn't know any spells.
Your spell library contained the following spells:

 Spells                   Type           Power        Failure   Level  Hunger
 Confusing Touch          Hex            #.....       98%         1    ##.....
 Confuse                  Hex            #.......     100%        3    ####...
 Gell's Gravitas          Tloc           #.........   100%        3    ####...
 Petrify                  Tmut/Erth      #.......     100%        4    #####..
 Metabolic Englaciation   Hex/Ice        #.........   100%        5    ######.
 Yara's Violent Unravell  Hex/Tmut       #.........   100%        5    ######.


Dungeon Overview and Level Annotations

Branches:
Dungeon (3/15)

Altars:
Okawaru
Trog


Innate Abilities, Weirdness & Mutations

You have extremely sharp teeth.
Your natural rate of healing is unusually fast.
When hurt, damage is shared between your health and your magic reserves.
Your bite disrupts and absorbs the magic of your enemies.
Potions cannot restore your health.
You are immune to rotting.


Message History

Your bite misses the orc wizard.
The orc wizard is moderately wounded.
The orc wizard falters for a moment.
The orc wizard hits you but does no damage.
The orc priest mumbles some strange prayers to Beogh against you.
Beogh smites you!
* * * LOW HITPOINT WARNING * * *
The orc priest calls down the wrath of Beogh upon you.
Beogh smites you!
* * * LOW HITPOINT WARNING * * *
You hit the orc wizard. Your bite misses the orc wizard.
The orc wizard is heavily wounded.
You block the orc wizard's attack. x2
You hit the orc wizard. Your bite misses the orc wizard.
The orc wizard is heavily wounded.
You block the orc wizard's attack.
The orc priest mumbles some strange prayers to Beogh against you.
Beogh smites you!
Ouch! That really hurt!
You die...

#.........#.....
#########.....#.
#......#..#
##.####.##..
######..# #.###.
#......## #...#.
##.###### ###.##
#..# #... #@##
#### #o# #


.oo # ..... ....... ........# #........< #........## You could see 2 orc priests
and an orc wizard.

Vanquished Creatures
  5 adders
  2 oozes
  4 worms
  A dart slug (D:2)
  A leopard gecko (D:3)
  3 orcs (D:3)
  2 giant cockroaches
  4 goblins
  4 hobgoblins
  8 jackals
  12 kobolds
  7 bats
  2 frilled lizards
  9 rats
64 creatures vanquished.

Notes
Turn   | Place    | Note
-------+----------+-------------------------------------------
     0 | D:1      | PikkenKukken the Vine Stalker Fighter began the quest for
                  | the Orb.
     0 | D:1      | Reached XP level 1. HP: 11/11 MP: 2/2
    76 | D:1      | Reached XP level 2. HP: 16/16 MP: 3/3
   605 | D:1      | Reached XP level 3. HP: 19/19 MP: 4/4
  1108 | D:2      | Noticed a moth of wrath
  1111 | D:2      | Found a bloodstained altar of Trog.
  1143 | D:2      | Found an iron altar of Okawaru.
  1158 | D:2      | Gained mutation: Your natural rate of healing is unusually
                  | fast. [Vine Stalker growth]
  1158 | D:2      | Reached XP level 4. HP: 18/24 MP: 5/5
  1439 | D:2      | Reached skill level 1 in Dodging
  2040 | D:3      | Reached XP level 5. HP: 28/28 MP: 6/6
  2237 | D:3      | Killed from afar by an orc priest

Vault maps used:
D:1:      grunt_arrival_crossed_arrows, hex_medium
D:2:      tgw_trog, grunt_ministairs_6, okawaru_gym_becter
D:3:      first_ration, serial_bayou_pond_a

Skill      XL: |  1  2  3  4  5 |
---------------+----------------+-----
Short Blades   | 2 3 |  3.0
Shields        | 3 |  3.2
Fighting       | 3 |  3.2
Dodging        | 1 |  1.3
Armour         | |  2.9

Action                   |  1- 3 |  4- 6 || total
-------------------------+-------+-------++-------
Melee: Rapier            |    49 |       ||    49
       Bite              |    30 |    36 ||    66
       Short sword       |    56 |   136 ||   192
  Use: Scroll            |     5 |     4 ||     9
  Eat: Chunk             |     1 |     3 ||     4
Armor: Scale mail        |    33 |    14 ||    47
       Ring mail         |       |    56 ||    56
Dodge: Dodged            |    25 |    35 ||    60
Block: Shield            |    47 |    69 ||   116

Table legend:
 A = Non-vault XP
 B = Vault XP
 C = Vault XP percentage of total XP
 D = Non-vault monster count
 E = Vault monster count
 F = Vault count percentage of total count
                 A         B        C        D         E       F
            +---------+---------+-------+---------+---------+-------
      Total |     163 |      24 |  12.8 |      57 |       7 |  10.9
            +---------+---------+-------+---------+---------+-------
        D:1 |      35 |       0 |   0.0 |      21 |       0 |   0.0
        D:2 |      64 |      24 |  27.3 |      16 |       7 |  30.4
        D:3 |      64 |       0 |   0.0 |      20 |       0 |   0.0
            +---------+---------+-------+---------+---------+-------
